 Dungeon Crawl Stone Soup version 0.30-a0-385-gfebfb9b408 (webtiles) character file.

Game seed: 13827923167997844172

3 tio the Grave Robber (level 1, 0/13 HPs)
             Began as a Demonspawn Necromancer on Dec 2, 2022.
             Slain by a hobgoblin
             ... wielding a +1 mace of protection
              (7 damage)
             ... on level 1 of the Dungeon.
             The game lasted 00:00:46 (70 turns).

tio the Grave Robber (Demonspawn Necromancer)         Turns: 70, Time: 00:00:46

Health: 0/13       AC:  2    Str:  8    XL:     1   Next: 41%
Magic:  0/3        EV: 12    Int: 16    God:
Gold:   0          SH:  0    Dex: 13    Spells: 3/4 levels left

rFire   . . .      SeeInvis .    c - +0 dagger
rCold   . . .      Faith    .    (no shield)
rNeg    . . .      Spirit   .    a - +0 robe
rPois   .          Reflect  .    (no helmet)
rElec   .          Harm     .    (no cloak)
rCorr   .          Rampage  .    (no gloves)
Will    .....                    (no boots)
Stlth   ++........               (no amulet)
HPRegen 0.22/turn                (no ring)
MPRegen 0.08/turn                (no ring)

@: no status effects
A: no striking features
a: no special abilities


You were on level 1 of the Dungeon.
You visited 1 branch of the dungeon, and saw 1 of its levels.

Inventory:

Hand Weapons
 c - a +0 dagger (weapon)
Armour
 a - a +0 robe (worn)
Potions
 b - a potion of magic
 d - a potion of attraction {unknown}


   Skills:
 + Level 1.7 Dodging
 + Level 1.8 Stealth
 + Level 2.0 Spellcasting
 + Level 4.5 Necromancy


You had 3 spell levels left.
You knew the following spells:

 Your Spells              Type           Power      Damage    Failure   Level
a - Necrotise             Necr           64%        1d7       3%          1

Your spell library contained the following spells:

 Spells                   Type           Power      Damage    Failure   Level
 Vampiric Draining        Necr           16%        2d7       10%         3
 Animate Dead             Necr           16%        N/A       32%         4
 Agony                    Necr           16%        N/A       65%         5


Dungeon Overview and Level Annotations

Branches:
Dungeon (1/15)

Altars:


Message History

Your kobold skeleton hits the endoplasm.
c - a +0 dagger (weapon)
You hit the endoplasm.
The endoplasm is severely wounded.
The endoplasm closely misses you.
Your kobold skeleton hits the endoplasm but does no damage.
You hit the endoplasm.
You kill the endoplasm!
Your kobold skeleton crumbles into dust!
Magic restored.
d - an orange potion
Found a short sword.
A giant cockroach comes into view.
You can't see any susceptible monsters within range! (Use Z to cast anyway.)
A hobgoblin comes into view. It is wielding a +1 mace of protection.
The giant cockroach barely resists.
The hobgoblin shouts!
A giant cockroach comes into view.
The giant cockroach writhes in agony.
The giant cockroach writhes in agony.
You kill the giant cockroach!
The hobgoblin hits you with a +1 mace of protection!
Ouch! That really hurt!
You hit the hobgoblin.
The hobgoblin is heavily wounded.
The hobgoblin misses you.
You hit the hobgoblin but do no damage.
The hobgoblin is heavily wounded.
The hobgoblin barely misses you.
You barely miss the hobgoblin.
The hobgoblin is heavily wounded.
The hobgoblin closely misses you. The giant cockroach misses you.
You hit the hobgoblin but do no damage.
The hobgoblin is heavily wounded.
The hobgoblin closely misses you.
An endoplasm comes into view.
The giant cockroach bites you but does no damage.
The hobgoblin hits you with a +1 mace of protection!
Ouch! That really hurt!
You die...

#...........# .#.
#.#.........# ...
#..####.######
#... .J ##.#
...#########..#
.J....##.....#
#..........#
#..###.gB.......#
#......@........#
#...##......)...#
# #..........#
.......####.#
#...##### .# #.#.
.# #.#. #.##


You could see a giant cockroach and a hobgoblin.

Vanquished Creatures
  An endoplasm (D:1)
  A giant cockroach (D:1)
  A kobold (D:1)
3 creatures vanquished.

Notes
Turn   | Place    | Note
-------+----------+-------------------------------------------
     0 | D:1      | tio the Demonspawn Necromancer began the quest for the Orb.
     0 | D:1      | Reached XP level 1. HP: 13/13 MP: 3/3
    70 | D:1      | Slain by a hobgoblin

Illustrated notes

Levels and vault maps discovered:
D:1:      dpeg_arrival_tiny_c, layout_rooms

Action                   || total
-------------------------++-------
Melee: Dagger            ||     6
 Cast: Necrotise         ||     6
Armor: Robe              ||     1
Dodge: Dodged            ||     6

Table legend: (Time is in decaauts)
 A = Elapsed time spent in this place.
 B = Non-inter-level travel time spent in this place.
 C = Inter-level travel time spent in this place.
 D = Time resting spent in this place.
 E = Time spent auto-exploring this place.
 F = Levels seen in this place.
 G = Mean time per level.
                   A        B        C        D        E       F      G
               +--------+--------+--------+--------+--------+-----+--------+
         Total |     69 |     68 |      1 |      0 |     45 |   1 |   69.0 |
       Dungeon |     69 |     68 |      1 |      0 |     45 |   1 |   69.0 |
               +--------+--------+--------+--------+--------+-----+--------+

Top non-repeatable levels by time:
     D:1: 69 daAuts
